 Dungeon Crawl Stone Soup version 0.20-a0-16-g0876c8e (webtiles) character file.

147 JeffiDaFish the Shield-Bearer (level 5, -3/33 HPs)
             Began as a Gargoyle Fighter on Nov 3, 2016.
             Slain by a gnoll
             ... wielding a +0 halberd
              (4 damage)
             ... on level 3 of the Dungeon.
             The game lasted 00:05:44 (2099 turns).

JeffiDaFish the Shield-Bearer (Gargoyle Fighter)    Turns: 2099, Time: 00:05:44

Health: -3/33      AC: 16    Str: 20    XL:     5   Next: 29%
Magic:  5/5        EV:  5    Int:  9    God:
Gold:   91         SH:  9    Dex:  9    Spells: 0 memorised, 4 levels left

rFire  . . .     SeeInvis .     a - +0 flail
rCold  . . .     Gourm    .     g - +0 chain mail
rNeg   + . .     Faith    .     c - +0 shield
rPois  ∞         Spirit   .     (no helmet)
rElec  +         Reflect  .     (no cloak)
rCorr  .         Harm     .     (no gloves)
MR     .....                    k - +2 pair of boots
Stlth  ..........               (no amulet)
                                (no ring)
                                (no ring)

@: no status effects
A: negative energy resistance 1, electricity resistance, unbreathing,
petrification resistance, rot immunity, AC +4
a: no special abilities


You were on level 3 of the Dungeon.
You were not hungry.

You visited 1 branch of the dungeon, and saw 3 of its levels.

You collected 91 gold pieces.

Inventory:

Hand Weapons
 a - a +0 flail (weapon)
Armour
 c - a +0 shield (worn)
 g - a +0 chain mail (worn)
 k - a +2 pair of boots (worn)
Scrolls
 e - a scroll of recharging
 h - 4 scrolls of identify
 i - a scroll of teleportation
 j - a scroll of magic mapping
Potions
 d - a potion of might
 l - 2 potions of heal wounds
Books
 b - a book of Maledictions

   Spells                             Type                      Level
   a - Corona                         Hexes                        1
   b - Ensorcelled Hibernation        Hexes/Ice                    2
   c - Confuse                        Hexes                        3
   d - Tukima's Dance                 Hexes                        3
   e - Dazzling Spray                 Conjuration/Hexes            3
Comestibles
 f - 3 bread rations


   Skills:
 + Level 3.8 Fighting
 + Level 3.2 Maces & Flails
 + Level 4.0 Armour
 + Level 0.4 Dodging
 + Level 0.2 Stealth
 + Level 4.5 Shields


You had 4 spell levels left.
You didn't know any spells.

Dungeon Overview and Level Annotations

Branches:
Dungeon (3/15)

Altars:


Innate Abilities, Weirdness & Mutations

You are resistant to torment.
Your stone body is resilient. (AC +4)
You are immune to poison.
You resist negative energy. (rN+)
You are resistant to electric shocks. (rElec)
You can survive without breathing.
You are immune to petrification.
You are immune to rotting.


Message History

The gnoll is severely wounded.
The gnoll hits you but does no damage. You block the gnoll's attack. x2
You closely miss the gnoll.
The gnoll is severely wounded.
The gnoll hits you but does no damage. x4
You thump the gnoll!
You kill the gnoll!
The gnoll hits you from afar with a halberd.
* * * LOW HITPOINT WARNING * * *
The gnoll hits you but does no damage.
The gnoll hits you but does no damage. x2
Items here: )) †† a whip; a flail; a gnoll corpse; a worm corpse You closely miss the gnoll.
The gnoll hits you with a halberd.
* * * LOW HITPOINT WARNING * * *
The gnoll hits you but does no damage.
You hit the gnoll.
The gnoll is lightly wounded.
The gnoll hits you but does no damage. The gnoll hits you with a halberd.
You die...

#..........#
#......?..(#
#..........#
#........?.#
#..........#
#..........#
#..........#
#...gg....%#
#####@######
#.....#
#.....#
#.....#
##+####


You could see 2 gnolls.

Vanquished Creatures
  Natasha (thrice) (D:2)
  An adder (D:2)
  2 gnolls (D:3)
  A worm (D:3)
  2 dart slugs
  A ball python (D:2)
  6 bats
  4 giant cockroaches
  5 goblins
  4 hobgoblins
  3 jackals (D:1)
  A frilled lizard (D:1)
  A kobold (D:1)
  7 rats
41 creatures vanquished.

Notes
Turn   | Place    | Note
-------+----------+-------------------------------------------
     0 | D:1      | JeffiDaFish the Gargoyle Fighter began the quest for the Orb.
     0 | D:1      | Reached XP level 1. HP: 14/14 MP: 1/1
   174 | D:1      | Reached XP level 2. HP: 19/19 MP: 2/2
  1117 | D:2      | Reached XP level 3. HP: 23/23 MP: 3/3
  1193 | D:2      | Noticed Natasha
  1197 | D:2      | Killed Natasha
  1197 | D:2      | Reached XP level 4. HP: 28/28 MP: 4/4
  1282 | D:2      | Noticed Natasha
  1294 | D:2      | Killed Natasha
  1309 | D:2      | Noticed Natasha
  1317 | D:2      | Killed Natasha
  1414 | D:2      | Reached XP level 5. HP: 33/33 MP: 5/5
  2098 | D:3      | HP: 1/33 [gnoll/halberd (2)]
  2099 | D:3      | Slain by a gnoll

Vault maps used:
D:1:      dpeg_arrival_simpleton_c, serial_corexii_hall,
          corexii_hall_statues_deadend, corexii_hall_statues_t,
          minmay_misc_feat_chi, minivault_5
D:2:      uniq_natasha
D:3:      kennysheep_nondescript, uniq_jessica

Skill      XL: |  1  2  3  4 |
---------------+-------------+-----
Shields        | 4 |  4.5
Maces & Flails | 3 |  3.2
Armour         | 4 |  4.0
Fighting       | |  3.8
Dodging        | |  0.4
Stealth        | |  0.2

Action                   |  1- 3 |  4- 6 || total
-------------------------+-------+-------++-------
Melee: Flail             |    77 |    95 ||   172
  Use: Scroll            |     5 |     2 ||     7
       Potion            |     3 |     1 ||     4
  Eat: Chunk             |     1 |     3 ||     4
Armor: Scale mail        |    40 |       ||    40
       Chain mail        |    12 |   119 ||   131
Dodge: Dodged            |    29 |    39 ||    68
Block: Shield            |    42 |    77 ||   119
